 Dungeon Sprint DCSS version 0.19.4-9-g45fd643 (webtiles) character file.

13400000 protoss039 the Invulnerable (level 27, -91/273 HPs)
             Began as a Ghoul Wanderer on Feb 21, 2017.
             Was the Champion of Makhleb.
             Annihilated by a fleshlord
             ... wielding a +9 great mace
              (294 damage)
             ... in the Dungeon (Sprint VIII: "Arena of Blood").
             The game lasted 00:04:29 (134 turns).

protoss039 the Invulnerable (Ghoul Wanderer)         Turns: 134, Time: 00:04:30

Health: -91/273    AC: 15    Str: 28    XL:     27
Magic:  36/53      EV: 21    Int:  9    God:    Makhleb [******]
Gold:   0          SH:  0    Dex:  7    Spells: 0 memorised, 80 levels left

rFire  . . .     SeeInvis .     l - +∞ Axe of Woe
rCold  + . .     Gourm    .     a - +2 scale mail
rNeg   + + +     Faith    .     (shield currently unavailable)
rPois  ∞         Spirit   .     (no helmet)
rElec  .         Reflect  .     (no cloak)
rCorr  .         Harm     .     (no gloves)
MR     ++...     NoTele   +     (no boots)
Stlth  ++++++++..               (no amulet)
                                n - +200 ring of slaying
                                m - +200 ring of slaying

@: rotting, hasted and slowed
A: rotting body, claws 1, carnivore 3, cold resistance 1, negative energy
resistance 3, slow regeneration 1, torment resistance, unbreathing
a: Minor Destruction, Lesser Servant of Makhleb, Major Destruction, Greater
Servant of Makhleb, Renounce Religion


You were in the Dungeon.
You worshipped Makhleb.
Makhleb was exalted by your worship.
You were not hungry.

You visited 1 branch

Inventory:

Hand Weapons
 d - a +0 blowgun
 l - the +∞ Axe of Woe (weapon)
   (You found it in the Dungeon)
Missiles
 c - 13 poisoned needles
Armour
 a - a +2 scale mail (worn)
Jewellery
 m - a +200 ring of slaying (left claw)
 n - a +200 ring of slaying (right claw)
Scrolls
 b - a scroll of teleportation
 k - a scroll of blinking
Potions
 e - a potion of curing
 g - a potion of heal wounds
 i - 2 potions of magic
 j - a potion of berserk rage
Comestibles
 f - a meat ration


   Skills:
 O Level 27 Fighting
 O Level 27 Axes
   Level 1.0 Bows
 O Level 27 Throwing
 O Level 27 Armour
 O Level 27 Dodging
 O Level 27 Stealth
   Level 1.0 Shields
 O Level 27 Unarmed Combat
 O Level 27 Spellcasting
   Level 1.0 Translocations
 O Level 27 Invocations


You had 80 spell levels left.
You didn't know any spells.

Dungeon Overview and Level Annotations

Branches:
Dungeon (1/1)

Altars:
Makhleb


Innate Abilities, Weirdness & Mutations

Your body is rotting away.
You thrive on raw meat.
You are immune to poison.
You have sharp fingernails.
You are carnivorous and can eat meat at any time.
Your flesh is cold resistant. (rC+)
You are immune to negative energy. (rN+++)
You regenerate slowly when monsters are visible.
You are immune to unholy pain and torment.
You can survive without breathing.


Message History

The destroyer blinks!
You hear a shout!
The fleshlord casts a spell at you.
You barely resist.
A tyrant comes into view.
Unknown command.
Press < or > to pray at altars.
Okay, then.
You feel yourself speed up.
The tyrant waves its bony arms in wide circles.
The air twists around and strikes you!
You hear a shout! x2
The meat berserker rages.
You hear a shout!
The meat berserker hits you with a +9 battleaxe!!!
The tyrant casts a spell.
You hear a shout! x2
The fleshlord hits you with a +9 great mace!!!!!!
Ouch! That really hurt!
You die...

#..o ..# . #...
W.# ..###...
L.###.
.....z###o.....
..o%X_OXX... .
#.%)XV# . .%.


#MXp2L# X.. .....#.OOX.#Oo... ..o.zooO@pXXoXX.. .....D.###CoX.... ..###...
..###.. . #o.. ..# #... .O# V.%.. .o. D.%. oo.. .... o... You could see an
accursed, a tentacled monstrosity, a meat beast, 2 tyrants, an eight-headed meat
hydra, a destroyer, 2 fleshlords, 2 sculptors of flesh, a large bag of meat
(inner flame), 10 large abominations, a dread (wandering), 5 meat berserkers and
8 bags of meat.

Vanquished Creatures
  3 hell beasts (D)
  Edmund (D)
  7 greater mummies (D)
  4 great orbs of eyes (D)
  4 wraiths (D)
  Harold (D)
  15 vampire knights (D)
  31 ogres (D)
  4 liches (D)
  3 hydras (D)
  45 orcs (D)
  2 phantoms (D)
  2 hill giants (D)
  4 skeletal warriors (D)
  6 large abominations (D)
  5 small abominations (D)
  8 crawling corpses (D)
145 creatures vanquished.

Vanquished Creatures (others)
  A crawling corpse (D)
1 creature vanquished.

Grand Total: 146 creatures vanquished

Notes
Turn   | Place    | Note
-------+----------+-------------------------------------------
     0 | D        | protoss039 the Ghoul Wanderer began the quest for the Orb.
     0 | D        | protoss039 set off with: a +2 scale mail, a scroll of teleportation, 13 poisoned needles, a +0 blowgun, a potion of curing, a meat ration, a potion of heal wounds, a potion of haste, 2 potions of magic, a potion of berserk rage, a scroll of blinking
     0 | D        | Reached XP level 1. HP: 16/16 MP: 2/2
     2 | D        | Noticed a bag of meat
     3 | D        | Became a worshipper of Makhleb the Destroyer
     4 | D        | Noticed a bag of meat
     5 | D        | Noticed a bag of meat
     5 | D        | Noticed a bag of meat
     6 | D        | Noticed a bag of meat
     7 | D        | Noticed a meat berserker
     7 | D        | Noticed a bag of meat
     8 | D        | Noticed a meat berserker
     8 | D        | Killed a meat berserker
     8 | D        | Reached skill level 5 in Axes
     8 | D        | Reached XP level 2. HP: 35/35 MP: 2/16
     8 | D        | Reached XP level 3. HP: 40/40 MP: 2/17
     8 | D        | Reached XP level 4. HP: 48/48 MP: 2/19
     8 | D        | Reached XP level 5. HP: 53/53 MP: 2/20
     8 | D        | Reached XP level 6. HP: 61/61 MP: 2/22
     8 | D        | Reached XP level 7. HP: 68/68 MP: 2/23
     8 | D        | Reached XP level 8. HP: 74/74 MP: 2/25
     8 | D        | Reached XP level 9. HP: 81/81 MP: 2/26
     8 | D        | Reached XP level 10. HP: 88/88 MP: 2/27
     8 | D        | Reached XP level 11. HP: 94/94 MP: 2/28
     8 | D        | Reached XP level 12. HP: 101/101 MP: 2/29
     8 | D        | Reached XP level 13. HP: 107/107 MP: 2/30
     9 | D        | Noticed a bag of meat
     9 | D        | Killed a meat berserker
     9 | D        | Reached * piety under Makhleb
     9 | D        | Reached skill level 5 in Throwing
     9 | D        | Reached XP level 14. HP: 95/119 MP: 2/33
     9 | D        | Killed a bag of meat
     9 | D        | Reached skill level 27 in Armour
     9 | D        | Reached XP level 15. HP: 104/130 MP: 2/36
    10 | D        | Noticed a meat berserker
    10 | D        | Noticed a meat berserker
    10 | D        | Noticed a meat berserker
    10 | D        | Reached ** piety under Makhleb
    10 | D        | Reached XP level 16. HP: 108/147 MP: 2/39
    10 | D        | Reached skill level 15 in Fighting
    10 | D        | Reached skill level 15 in Axes
    11 | D        | Killed a meat berserker
    11 | D        | Reached *** piety under Makhleb
    11 | D        | Reached XP level 17. HP: 166/166 MP: 3/44
    11 | D        | Reached skill level 10 in Throwing
    12 | D        | Noticed a meat berserker
    13 | D        | Noticed a meat berserker
    15 | D        | Killed a meat berserker
    15 | D        | Reached XP level 18. HP: 182/182 MP: 4/46
    15 | D        | Killed a meat berserker
    15 | D        | Reached **** piety under Makhleb
    15 | D        | Reached skill level 27 in Spellcasting
    15 | D        | Reached XP level 19. HP: 198/198 MP: 4/49
    16 | D        | Killed a meat berserker
    16 | D        | Reached skill level 27 in Fighting
    16 | D        | Reached skill level 27 in Axes
    18 | D        | Killed a meat berserker
    18 | D        | Reached ***** piety under Makhleb
    18 | D        | Reached XP level 20. HP: 99/216 MP: 5/50
    18 | D        | Reached skill level 27 in Throwing
    21 | D        | Reached XP level 21. HP: 224/224 MP: 6/51
    21 | D        | Reached skill level 15 in Unarmed Combat
    21 | D        | Reached skill level 15 in Invocations
    23 | D        | Noticed a destroyer
    25 | D        | Noticed a destroyer
    25 | D        | Killed a destroyer
    25 | D        | Reached skill level 27 in Invocations
    25 | D        | Reached skill level 15 in Dodging
    25 | D        | Reached XP level 22. HP: 233/233 MP: 7/52
    28 | D        | Noticed a destroyer
    28 | D        | Killed a destroyer
    28 | D        | Reached skill level 27 in Dodging
    30 | D        | HP: 10/233 [large bag of meat/exploding inner flame (40)]
    30 | D        | Reached ****** piety under Makhleb
    30 | D        | Reached XP level 23. HP: 50/240 MP: 8/53
    33 | D        | Noticed The Servant
    33 | D        | Killed a destroyer
    33 | D        | Reached skill level 27 in Stealth
    33 | D        | Reached skill level 27 in Unarmed Combat
    35 | D        | Noticed a destroyer
    37 | D        | Noticed a destroyer
    37 | D        | Killed The Servant
    37 | D        | Reached XP level 24. HP: 174/249 MP: 10/53
    40 | D        | Killed a destroyer
    40 | D        | Reached XP level 25. HP: 257/257 MP: 11/53
    42 | D        | Killed a destroyer
    47 | D        | Noticed a tyrant
    49 | D        | Noticed a destroyer
    50 | D        | Reached XP level 26. HP: 266/266 MP: 13/53
    51 | D        | Noticed an accursed
    52 | D        | Noticed an accursed
    54 | D        | Noticed an accursed
    54 | D        | Killed an accursed
    54 | D        | Reached XP level 27. HP: 273/273 MP: 14/53
    55 | D        | Killed a destroyer
    56 | D        | Noticed a destroyer
    56 | D        | Killed a tyrant
    58 | D        | Noticed an accursed
    59 | D        | Noticed a dread
    60 | D        | Killed a destroyer
    61 | D        | Killed an accursed
    64 | D        | Killed an accursed
    66 | D        | Killed an accursed
    66 | D        | Killed a dread
    68 | D        | Noticed a meat beast
    69 | D        | Noticed a destroyer
    69 | D        | Noticed a destroyer
    72 | D        | Killed a meat beast
    73 | D        | Killed a destroyer
    77 | D        | Noticed a dread
    79 | D        | Noticed a dread
    80 | D        | Killed a dread
    83 | D        | Killed a dread
    84 | D        | Noticed a meat beast
    87 | D        | Noticed a destroyer
    87 | D        | Killed a meat beast
    88 | D        | Noticed a destroyer
    89 | D        | Noticed a destroyer
    93 | D        | Noticed a dread
    93 | D        | Noticed a tyrant
    94 | D        | Killed a destroyer
    96 | D        | Killed a destroyer
    98 | D        | Noticed a meat beast
    98 | D        | Noticed a destroyer
    99 | D        | Noticed a tyrant
    99 | D        | Killed a meat beast
    99 | D        | Killed a destroyer
   103 | D        | Noticed an accursed
   103 | D        | Killed a dread
   104 | D        | Killed a tyrant
   107 | D        | Noticed a tyrant
   107 | D        | Noticed an accursed
   108 | D        | Killed a tyrant
   110 | D        | Noticed an accursed
   110 | D        | Noticed a tyrant
   111 | D        | Killed an accursed
   111 | D        | Killed an accursed
   112 | D        | Killed a tyrant
   113 | D        | Killed a destroyer
   115 | D        | Killed a destroyer
   118 | D        | Noticed a tyrant
   121 | D        | Noticed an accursed
   124 | D        | Noticed a destroyer
   126 | D        | Killed a destroyer
   128 | D        | Noticed a fleshlord
   128 | D        | Noticed a fleshlord
   128 | D        | Noticed The Defiler
   128 | D        | Killed an accursed
   130 | D        | Noticed a meat beast
   130 | D        | Noticed a destroyer
   131 | D        | Noticed a destroyer
   133 | D        | Killed The Defiler
   133 | D        | Killed a destroyer
   134 | D        | Noticed a tyrant
   134 | D        | Annihilated by a fleshlord

Skill      XL: |  1  2  3  4  5  6  7  8  9 10 11 12 13 14 15 16 17 18 19 20 21 22 23 |
---------------+----------------------------------------------------------------------+-----
Fighting       | 8 9 11 14 18 21 23 27 | 27.0
Axes           | 5 7 9 13 20 23 26 27 | 27.0
Throwing       | 4 5 6 8 9 11 25 27 | 27.0
Armour         | 23 26 27 | 27.0
Spellcasting   | 14 16 18 20 24 25 27 | 27.0
Dodging        | 11 15 27 | 27.0
Stealth        | 14 18 23 27 | 27.0
Unarmed Combat | 13 17 21 27 | 27.0
Invocations    | 13 27 | 27.0
Bows           | |  1.0
Shields        | |  1.0
Translocations | |  1.0

Action                   |  1- 3 |  4- 6 |  7- 9 | 10-12 | 13-15 | 16-18 | 19-21 | 22-24 | 25-27 || total
-------------------------+-------+-------+-------+-------+-------+-------+-------+-------+-------++-------
Melee: Executioner's axe |     1 |       |       |       |     2 |     2 |     6 |    10 |    63 ||    84
Invok: Major Destruction |       |       |       |       |       |       |     1 |     1 |       ||     2
       Greater Servant o |       |       |       |       |       |       |     1 |       |     6 ||     7
  Use: Potion            |       |       |       |       |       |       |       |       |     1 ||     1
Armor: Scale mail        |       |       |       |       |       |       |       |       |     2 ||     2
Dodge: Dodged            |       |       |       |       |       |       |       |     1 |     4 ||     5
